 Dungeon Crawl Stone Soup version 0.31-a0-816-gd61d57ddb1 (webtiles) character file.

Game seed: 8848595676808861715

31 Essalna the Digger (level 3, 24/24 HPs)
             Began as a Demonspawn Earth Elementalist on Sept 22, 2023.
             Got out of the dungeon alive.
             The game lasted 00:01:40 (1073 turns).

Essalna the Digger (Demonspawn Earth Elementalist)  Turns: 1073, Time: 00:01:40

Health: 24/24      AC:  4    Str:  8    XL:     3   Next: 7%
Magic:  7/7        EV: 12    Int: 18    God:
Gold:   46         SH:  0    Dex: 13    Spells: 6/7 levels left

rFire   . . .        c - +0 short sword
rCold   . . .        (no shield)
rNeg    . . .        a - +0 robe
rPois   .            (helmet restricted)
rElec   .            (no cloak)
rCorr   .            (no gloves)
SInv    .            (no boots)
Will    .....        (no amulet)
Stlth   ++           d - +4 ring of slaying
HPRegen 0.24/turn    (no ring)
MPRegen 0.10/turn

%: no passive effects
@: no status effects
A: antennae 1, thin metallic scales 1
a: no special abilities


You escaped.
You visited 1 branch of the dungeon, and saw 1 of its levels.

You collected 46 gold pieces.

Inventory:

Hand Weapons
 c - a +0 short sword (weapon)
Armour
 a - a +0 robe (worn)
Jewellery
 d - a +4 ring of slaying (left hand)
Scrolls
 e - a scroll of fog {unknown}
 f - a scroll of vulnerability {unknown}
 g - a scroll of teleportation {unknown}
 h - a scroll of identify {unknown}
Potions
 b - 2 potions of magic


   Skills:
 - Level 1.7 Dodging
 - Level 1.7 Stealth
 + Level 2.7 Spellcasting
 - Level 0.8 Transmutations
 + Level 3.3 Earth Magic


You had 6 spell levels left.
You knew the following spells:

 Your Spells              Type           Power      Damage    Failure   Level
a - Sandblast             Erth           28%        2d8       4%          1

Your spell library contained the following spells:

 Spells                   Type           Power      Damage    Failure   Level
 Passwall                 Tmut/Erth      8%         N/A       11%         2
 Stone Arrow              Conj/Erth      16%        3d8       26%         3
 Petrify                  Tmut/Erth      10%        N/A       56%         4
 Brom's Barrelling Bould  Conj/Erth      8%         2d3       63%         4


Dungeon Overview and Level Annotations

Branches:
Dungeon (1/15)

Altars:


Innate Abilities, Weirdness & Mutations

You have a pair of small antennae on your head.
You are partially covered in thin metallic scales. (AC +2)


Message History

You are very lightly contaminated with residual magic.
Nothing appears to happen.
The blast of sand hits the bat!
You kill the bat!
You have reached level 3!
Your experience leads to an increase in your attributes!
Increase (S)trength, (I)ntelligence, or (D)exterity?
You feel clever. x2; Your demonic ancestry asserts itself...
A pair of antennae grows on your head!
Your magical contamination has completely faded away.
A rat comes into view.
You see here 11 gold pieces.
A rat is nearby!
A rat is nearby!
A rat is nearby!
A rat is nearby!
The blast of sand hits the rat!
You kill the rat!
You can't see any susceptible monsters within range! (Use Z to cast anyway.)
You can't see any susceptible monsters within range! (Use Z to cast anyway.)
You now have 46 gold pieces (gained 11).
Key pressed, stopping explore.
There is an open door here.
You open the door.
A quokka comes into view.
A quokka is nearby!
There is an open door here.
You can't see any susceptible monsters within range! (Use Z to cast anyway.)
You can't see any susceptible monsters within range! (Use Z to cast anyway.)
You can't see any susceptible monsters within range! (Use Z to cast anyway.)
The blast of sand hits the quokka!
You kill the quokka!
You can't see any susceptible monsters within range! (Use Z to cast anyway.)
You can't see any susceptible monsters within range! (Use Z to cast anyway.)
There is an open door here.
There is a fountain of clear blue water here.
There is an open door here.
There is an open door here.
There is a staircase leading out of the dungeon here.
You have escaped!

## ### ##########. ....
#..........
#####...###.....###
####...####.....####..
###.........###'###.....
#......@......'.'......⌠
###.........###+###.....
####...####.....####..
#####...........###
...........##.)..
.#.....#..##...
###..###.###..
#######.##### ##.
#..........#####.


There were no monsters in sight!

Vanquished Creatures
  A bat (D:1)
  2 endoplasms (D:1)
  2 giant cockroaches (D:1)
  5 goblins (D:1)
  4 hobgoblins (D:1)
  2 quokkas (D:1)
  3 ball pythons (D:1)
  2 frilled lizards (D:1)
  2 kobolds (D:1)
  5 rats (D:1)
28 creatures vanquished.

Notes
Turn   | Place    | Note
-------+----------+-------------------------------------------
     0 | D:1      | Essalna the Demonspawn Earth Elementalist began the quest
                  | for the Orb.
     0 | D:1      | Reached XP level 1. HP: 13/13 MP: 3/3
   193 | D:1      | Reached skill level 3 in Earth Magic
   193 | D:1      | Gained mutation: You are partially covered in thin metallic
                  | scales. (AC +2) [demonic ancestry]
   193 | D:1      | Reached XP level 2. HP: 19/19 MP: 3/5
   968 | D:1      | Gained mutation: You have a pair of small antennae on your
                  | head. [demonic ancestry]
   968 | D:1      | Reached XP level 3. HP: 24/24 MP: 4/7
  1073 | D:$      | Got out of the dungeon alive.

Illustrated notes

Levels and vault maps discovered:
D:1:      elethiomel_arrival_infinity_welcomes_careful_drivers, layout_basic

Skill      XL: |  1 |
---------------+----+-----
Earth Magic    | 3 |  3.3
Dodging        | |  1.7
Stealth        | |  1.7
Spellcasting   | |  2.7
Transmutations | |  0.8

Action                     || total
---------------------------++-------
  Melee: Short sword       ||     8
   Cast: Sandblast         ||    30
   Stab: Sleeping          ||     1
 Armour: Robe              ||     6
  Dodge: Dodged            ||     1

Table legend: (Time is in decaauts)
 A = Elapsed time spent in this place.
 B = Non-inter-level travel time spent in this place.
 C = Inter-level travel time spent in this place.
 D = Time resting spent in this place.
 E = Time spent auto-exploring this place.
 F = Levels seen in this place.
 G = Mean time per level.
                   A        B        C        D        E       F      G
               +--------+--------+--------+--------+--------+-----+--------+
         Total |   1087 |   1053 |     34 |      0 |    904 |   1 | 1087.0 |
       Dungeon |   1087 |   1053 |     34 |      0 |    904 |   1 | 1087.0 |
               +--------+--------+--------+--------+--------+-----+--------+

Top non-repeatable levels by time:
     D:1: 1087 daAuts
